 Dungeon Crawl Stone Soup version 0.23.2-30-g0e89c35649 (webtiles) character file.

Game seed: 2751379811284139181

7708 eccles the Geomancer (level 11, -1/67 HPs)
             Began as a Gargoyle Earth Elementalist on June 9, 2019.
             Was a Priest of Vehumet.
             Slain by an unseen horror (5 damage)
             ... on level 11 of the Dungeon on June 12, 2019.
             The game lasted 01:10:49 (10437 turns).

eccles the Geomancer (Gargoyle Earth Elementalist) Turns: 10437, Time: 01:10:50

Health: -1/67      AC: 13    Str: 11    XL:     11   Next: 19%
Magic:  32/32      EV: 13    Int: 18    God:    Vehumet [***...]
Gold:   426        SH:  0    Dex: 10    Spells: 5/26 levels left

rFire    . . .     SeeInvis .   a - +5 long sword of Calculation {holy, rN+}
rCold    + . .     Gourm    .   (no shield)
rNeg     + + .     Faith    .   H - +0 troll leather armour
rPois    ∞         Spirit   .   (no helmet)
rElec    +         Reflect  .   (no cloak)
rCorr    .         Harm     .   (no gloves)
MR       .....                  x - +0 pair of boots
Stlth    ++........             (no amulet)
HPRegen  0.61/turn              o - ring of magical power
MPRegen  0.23/turn              (no ring)

@: no status effects
A: cold resistance 1, dopey 1, negative energy resistance 1, electricity
resistance, unbreathing, petrification resistance, rot immunity, MP-powered
wands, AC +8
a: Renounce Religion


You were on level 11 of the Dungeon.
You worshipped Vehumet.
Vehumet was most pleased with you.
You were not hungry.

You visited 1 branch of the dungeon, and saw 11 of its levels.

You collected 465 gold pieces.
You spent 39 gold pieces at shops.

Inventory:

Hand Weapons
 a - the +5 long sword of Calculation (weapon) {holy, rN+}
   (You found it on level 8 of the Dungeon)

   It has been blessed by the Shining One to cause great damage to the undead
   and demons.
   It protects you from negative energy.
 b - a +0 shortbow
 i - a +0 dagger
 D - a +3 dagger of electrocution
 K - a +0 short sword of venom
 L - the cursed +0 hand crossbow of Kiaqaant {elec, MR+++}
   (You found it on level 10 of the Dungeon)

   It charges the ammunition it shoots with electricity; occasionally upon a
   hit, such missiles may discharge and cause terrible harm.
   It affects your resistance to hostile enchantments.
   It has a curse placed upon it.
Missiles
 q - 9 tomahawks (quivered)
 A - 83 arrows
 B - 57 stones
Armour
 c - a +0 robe
 j - the +3 scale mail of Qoly {Int+3}
   (You found it on level 6 of the Dungeon)

   It affects your intelligence (+3).
 l - a +1 leather armour
 s - the +2 pair of gloves of the Harp {rElec Dex+6 Slay-6}
   (You found it on level 4 of the Dungeon)

   It affects your dexterity (+6).
   It affects your accuracy and damage with ranged weapons and melee attacks
   (-6).
   It insulates you from electricity.
 x - a +0 pair of boots (worn)
 H - a +0 troll leather armour (worn)
Magical Staves
 J - an uncursed staff of summoning
Jewellery
 o - a ring of magical power (left hand)
 z - an uncursed ring of ice
Wands
 h - a wand of acid (9)
 v - a wand of random effects (24)
 y - a wand of flame (37)
Scrolls
 g - 3 scrolls of blinking
 k - 3 scrolls of remove curse
 m - 3 scrolls of amnesia
 n - 6 scrolls of teleportation
 w - 3 scrolls of fear
Potions
 e - 3 potions of might
 f - a potion of haste
 p - a potion of degeneration
 r - a potion of agility {unknown}
 t - 3 potions of curing
 u - a potion of lignification
 E - 3 potions of ambrosia
 F - a potion of berserk rage
 I - a potion of brilliance {unknown}
Comestibles
 d - 11 rations


   Skills:
 * Level 7.1 Fighting
 + Level 4.2(4.8) Short Blades
 * Level 3.3(4.3) Long Blades
 + Level 0.3 Bows
 + Level 0.4 Throwing
 + Level 3.6 Armour
 + Level 4.2 Dodging
 + Level 4.1 Stealth
 + Level 0.1 Unarmed Combat
 * Level 8.3 Spellcasting
 * Level 4.2 Conjurations
 * Level 0.8 Translocations
 + Level 0.7 Transmutations
 - Level 10.1 Earth Magic
 + Level 0.2 Evocations


You had 5 spell levels left.
You knew the following spells:

 Your Spells              Type           Power        Failure   Level  Hunger
a - Sandblast             Erth           #####.       1%          1    None
b - Passwall              Tmut/Erth      ####....     1%          2    None
c - Stone Arrow           Conj/Erth      ####..       1%          3    None
d - Confusing Touch       Hex            #.....       12%         1    None
e - Lee's Rapid Deconstr  Erth           #####.....   1%          5    #####..
f - Petrify               Tmut/Erth      ####....     13%         4    ###....
g - Mephitic Cloud        Conj/Pois/Air  ##......     5%          3    None
h - Blink                 Tloc           N/A          13%         2    None

Your spell library contained the following spells:

 Spells                   Type           Power        Failure   Level  Hunger
 Inner Flame              Hex/Fire       #.......     10%         3    None
 Magic Dart               Conj           ###.         1%          1    None
 Conjure Flame            Conj/Fire      ###.....     4%          3    None
 Apportation              Tloc           ##....       9%          1    None
 Beastly Appendage        Tmut           ##....       9%          1    None
 Animate Skeleton         Necr           N/A          12%         1    None
 Summon Small Mammal      Summ           #...         12%         1    None
 Sticks to Snakes         Tmut           ##......     14%         2    None
 Call Imp                 Summ           #.......     19%         2    None
 Slow                     Hex            #.......     19%         2    None
 Spider Form              Tmut/Pois      #.........   30%         3    None
 Call Canine Familiar     Summ           #.......     34%         3    None
 Summon Guardian Golem    Hex/Summ       #.......     34%         3    None
 Ice Form                 Ice/Tmut       #.......     71%         4    ###....
 Summon Ice Beast         Ice/Summ       #.......     75%         4    ###....
 Summon Lightning Spire   Summ/Air       #.......     75%         4    ###....
 Blade Hands              Tmut           ##........   94%         5    #####..


Dungeon Overview and Level Annotations

Branches:
Dungeon (11/15)            Temple (0/1) D:6            Lair (0/6) D:8
    Orc: D:9-12

Altars:
Cheibriados
Elyvilon
Ru
Vehumet
Wu Jian
Yredelemnul
Zin

Shops:
D:4 =   D:6 !


Innate Abilities, Weirdness & Mutations

You are resistant to torment.
Your stone body is resilient. (AC +8)
You are immune to poison.
You resist negative energy. (rN+)
You are resistant to electric shocks. (rElec)
You can survive without breathing.
You are immune to petrification.
You are immune to rotting.
Your flesh is cold resistant. (rC+)
You are dopey. (Int -2)
You expend magic power (3 MP) to strengthen your wands.


Message History

You hit something. Something hits you. Something hits you but does no damage.
You slash something! Something hits you but does no damage.
You closely miss something. Something hits you but does no damage.
Something hits you! Something hits you but does no damage.
Something hits you but does no damage. Something barely misses you.
Something hits you but does no damage. x2
Something hits you!
* * * LOW HITPOINT WARNING * * *
Something hits you.
* * * LOW HITPOINT WARNING * * *
Something hits you.
* * * LOW HITPOINT WARNING * * *
Something hits you.
* * * LOW HITPOINT WARNING * * *
You hit something. Something hits you.
* * * LOW HITPOINT WARNING * * *
Something hits you but does no damage. Something hits you.
* * * LOW HITPOINT WARNING * * *
Something hits you but does no damage. Something hits you.
You die...

#.#
##.#####
#......#
#.######
#.# #.#
#.# #.#
#@# #.#
#.#
#######.#
#.<.....#
#########


There were no monsters in sight!

Vanquished Creatures
  Pikel (D:9)
  A troll (D:9)
  Grinder (D:6)
  Sigmund (D:5)
  8 yaks (D:10)
  Edmund (D:6)
  2 porcupines (D:8)
  2 ice beasts
  2 orc warriors
  5 sky beasts
  3 black bears
  3 phantoms
  4 ogres
  2 centaurs
  2 crocodiles (D:8)
  2 big kobolds
  11 bullfrogs
  A wyvern skeleton (D:7)
  A water moccasin skeleton (D:7)
  5 scorpions
  10 killer bees
  A howler monkey (D:6)
  A centaur zombie (D:10)
  5 crimson imps
  A bullfrog zombie (D:6)
  3 hounds
  8 orc priests
  3 jellies
  8 orc wizards
  2 bullfrog skeletons
  5 iguanas
  8 worker ants
  A hound skeleton (D:7)
  A hound zombie (D:9)
  12 adders
  2 shadow imps
  2 oozes
  2 adder skeletons
  A worm (D:3)
  2 dart slugs (D:1)
  5 leopard geckos
  40 orcs
  2 ball pythons
  5 bats (D:1)
  5 giant cockroaches
  16 goblins
  8 hobgoblins
  14 jackals
  17 kobolds
  4 quokkas
  7 frilled lizards
  A kobold skeleton (D:6)
  8 rats
268 creatures vanquished.

Vanquished Creatures (others)
  A hungry ghost (D:9)
  3 slaves (D:9)
  2 fungi (D:8)
6 creatures vanquished.

Grand Total: 274 creatures vanquished

Notes
Turn   | Place    | Note
-------+----------+-------------------------------------------
     0 | D:1      | eccles the Gargoyle Earth Elementalist began the quest for
                  | the Orb.
     0 | D:1      | Reached XP level 1. HP: 10/10 MP: 3/3
   147 | D:1      | Reached XP level 2. HP: 9/15 MP: 0/5
   310 | D:1      | Reached skill level 4 in Earth Magic
   422 | D:1      | Reached skill level 1 in Fighting
   475 | D:1      | Reached XP level 3. HP: 12/20 MP: 1/6
   484 | D:1      | Learned a level 2 spell: Passwall
   488 | D:1      | Learned a level 3 spell: Stone Arrow
  1005 | D:2      | Reached XP level 4. HP: 19/25 MP: 5/8
  1551 | D:2      | Found a sacrificial altar of Ru.
  2146 | D:3      | Reached skill level 1 in Short Blades
  2146 | D:3      | Reached XP level 5. HP: 21/30 MP: 0/9
  2352 | D:3      | Reached skill level 1 in Armour
  2352 | D:3      | Reached skill level 5 in Earth Magic
  2610 | D:3      | Reached XP level 6. HP: 30/35 MP: 11/11
  2857 | D:4      | Learned a level 1 spell: Confusing Touch
  3211 | D:4      | Found Niar Icw's Jewellery Shoppe.
  3447 | D:4      | Noticed a phantom
  3471 | D:4      | Killed a phantom
  3471 | D:4      | Reached XP level 7. HP: 38/40 MP: 4/13
  3597 | D:4      | Gained mutation: Your flesh is cold resistant. (rC+)
                  | [potion of mutation]
  3597 | D:4      | Gained mutation: You are dopey. (Int -2) [potion of
                  | mutation]
  3597 | D:4      | Gained mutation: You expend magic power (3 MP) to
                  | strengthen your wands. [potion of mutation]
  3687 | D:4      | Found a basalt altar of Yredelemnul.
  3689 | D:4      | Reached skill level 6 in Earth Magic
  4064 | D:4      | Got a pair of twisted gloves
  4066 | D:4      | Identified the +2 pair of gloves of the Harp {rElec Dex+6
                  | Slay-6} (You found it on level 4 of the Dungeon)
  4251 | D:5      | Entered Level 5 of the Dungeon
  4261 | D:5      | Reached XP level 8. HP: 46/46 MP: 15/15
  4264 | D:5      | Reached skill level 7 in Earth Magic
  4328 | D:5      | Reached skill level 5 in Spellcasting
  4384 | D:5      | Found an ornate altar of the Wu Jian Council.
  4695 | D:5      | Found a glowing silver altar of Zin.
  4988 | D:5      | Noticed Sigmund
  5030 | D:5      | Killed Sigmund
  5732 | D:6      | Noticed Grinder
  5735 | D:6      | Reached skill level 8 in Earth Magic
  5748 | D:6      | Killed Grinder
  5748 | D:6      | Reached XP level 9. HP: 52/52 MP: 18/18
  5837 | D:6      | Found a staircase to the Ecumenical Temple.
  6317 | D:6      | Got a twisted scale mail
  6330 | D:6      | Identified the +3 scale mail of Qoly {Int+3} (You found it
                  | on level 6 of the Dungeon)
  6438 | D:6      | Found a radiant altar of Vehumet.
  6450 | D:6      | Became a worshipper of Vehumet
  6519 | D:6      | Found Jeipathro's Distillery.
  6519 | D:6      | Noticed Edmund
  6531 | D:6      | Killed Edmund
  6573 | D:6      | Found a runed translucent door.
  6577 | D:6      | Found a basalt altar of Yredelemnul.
  6651 | D:6      | Found a white marble altar of Elyvilon.
  6711 | D:6      | Bought a potion of curing for 39 gold pieces
  6799 | D:7      | Reached skill level 9 in Earth Magic
  6813 | D:7      | Reached * piety under Vehumet
  6813 | D:7      | Offered knowledge of Sting by Vehumet.
  6947 | D:7      | Reached skill level 5 in Fighting
  7177 | D:7      | Reached XP level 10. HP: 40/60 MP: 20/20
  7252 | D:7      | Learned a level 5 spell: Lee's Rapid Deconstruction
  7257 | D:7      | Learned a level 4 spell: Petrify
  7261 | D:7      | Learned a level 3 spell: Mephitic Cloud
  7725 | D:8      | Found a staircase to the Lair.
  7748 | D:8      | Reached skill level 1 in Conjurations
  8026 | D:8      | Got an encrusted long sword
  8126 | D:8      | Identified the +5 long sword of Calculation {holy, rN+}
                  | (You found it on level 8 of the Dungeon)
  8485 | D:8      | Offered knowledge of Freeze by Vehumet.
  8524 | D:8      | Reached ** piety under Vehumet
  8900 | D:9      | Noticed Pikel
  8914 | D:9      | Killed Pikel
  8914 | D:9      | Reached skill level 1 in Long Blades
  9012 | D:9      | Found a snail-covered altar of Cheibriados.
  9641 | D:10     | Entered Level 10 of the Dungeon
  9683 | D:10     | Reached skill level 10 in Earth Magic
  9774 | D:10     | Reached XP level 11. HP: 62/67 MP: 23/23
  9789 | D:10     | Offered knowledge of Inner Flame by Vehumet.
  9886 | D:10     | Learned a level 2 spell: Blink
 10014 | D:10     | Reached *** piety under Vehumet
 10276 | D:10     | Got an ancient hand crossbow
 10277 | D:10     | Identified the cursed +0 hand crossbow of Kiaqaant {elec,
                  | MR+++} (You found it on level 10 of the Dungeon)
 10437 | D:11     | Slain by an unseen horror

Skill      XL: |  1  2  3  4  5  6  7  8  9 10 11 |
---------------+----------------------------------+-----
Earth Magic    | 4 5 6 8 9 10 | 10.1
Fighting       | 1 2 3 4 5 7 |  7.1
Short Blades   | 1 2 3 4 |  4.2
Spellcasting   | 3 4 6 7 8 |  8.3
Armour         | 1 2 3 |  3.6
Dodging        | 2 3 4 |  4.2
Stealth        | 3 4 |  4.1
Conjurations   | 3 4 |  4.2
Long Blades    | 2 3 |  3.3
Bows           | |  0.3
Throwing       | |  0.4
Unarmed Combat | |  0.1
Translocations | |  0.8
Transmutations | |  0.7
Evocations     | |  0.2

Action                   |  1- 3 |  4- 6 |  7- 9 | 10-12 || total
-------------------------+-------+-------+-------+-------++-------
Melee: Unarmed           |    34 |       |       |       ||    34
       Dagger            |    58 |   126 |   308 |    98 ||   590
       Long sword        |       |       |       |   198 ||   198
 Fire: Shortbow          |       |       |       |     6 ||     6
Throw: Tomahawk          |       |     7 |     3 |       ||    10
 Cast: Sandblast         |    35 |    45 |    78 |    44 ||   202
       Stone Arrow       |       |     2 |    12 |    13 ||    27
       Blink             |       |       |       |     1 ||     1
Evoke: Wand              |       |       |     6 |     1 ||     7
  Use: Scroll            |     1 |     3 |    13 |     6 ||    23
       Potion            |       |       |     8 |     1 ||     9
 Stab: Sleeping          |     2 |       |     1 |     5 ||     8
       Distracted        |       |       |     2 |       ||     2
  Eat: Chunk             |     1 |     8 |     5 |     4 ||    18
       Ration            |       |       |     2 |     2 ||     4
Armor: Robe              |    40 |    10 |       |       ||    50
       Leather armour    |       |    38 |    71 |    75 ||   184
       Scale mail        |       |       |   111 |       ||   111
       Troll leather arm |       |       |       |   109 ||   109
Dodge: Dodged            |    71 |    61 |   170 |   194 ||   496
       Rpst.: Long sword |       |       |       |    42 ||    42
